 Dungeon Crawl Stone Soup version 0.28-a0-1429-gf3d713df7a (webtiles) character file.

Game seed: 12268007135680276736

1236 HallandMoats the Ruffian (level 8, 0/79 HPs)
             Began as a Troll Fighter on Jan 9, 2022.
             Was a Priest of Wu Jian.
             Shot with an arrow by a centaur (15 damage)
             ... on level 5 of the Dungeon.
             The game lasted 00:03:58 (3431 turns).

HallandMoats the Ruffian (Troll Fighter)            Turns: 3431, Time: 00:03:58

Health: 0/79       AC: -10   Str: 25    XL:     8   Next: 24%
Magic:  7/7        EV: 11    Int:  4    God:    Wu Jian [***...]
Gold:   188        SH:  0    Dex: 11    Spells: 7/7 levels left

rFire   . . .      SeeInvis .     - Unarmed
rCold   . . .      Faith    .   q - orb {light}
rNeg    . . .      Spirit   .   a - +0 robe
rPois   +          Reflect  .   (helmet restricted)
rElec   .          Harm     .   n - +0 cloak
rCorr   .          Rampage  .   (gloves unavailable)
Will    .....                   (boots unavailable)
Stlth   +.........              (no amulet)
HPRegen 1.03/turn               k - ring of poison resistance
MPRegen 0.10/turn               (no ring)

@: corroded, glowing
A: large, unfitting armour, claws 3, regeneration 1, shaggy fur 1, tough skin 1
a: Renounce Religion, Wall Jump, Serpent's Lash


You were on level 5 of the Dungeon.
You worshipped Wu Jian.
Wu Jian was most pleased with you.
You visited 1 branch of the dungeon, and saw 5 of its levels.
You also visited: Ossuary.

You collected 188 gold pieces.

Inventory:

Armour
 a - a +0 robe (worn)
 b - a +0 kite shield
 n - a +0 cloak (worn)
 q - an orb of light (worn)
Jewellery
 k - a ring of poison resistance (left claw)
Wands
 x - a wand of paralysis (8)
Scrolls
 d - 3 scrolls of identify {unknown}
 i - 2 scrolls of amnesia {unknown}
 l - 2 scrolls of teleportation {unknown}
 t - 2 scrolls of noise {unknown}
Potions
 c - a potion of might
 e - a potion of invisibility {unknown}
 f - 3 potions of flight {unknown}
 g - 2 potions of resistance {unknown}
 h - a potion of mutation {unknown}
 j - 3 potions of lignification {unknown}
 m - 2 potions of degeneration {unknown}
 o - 2 potions of curing {unknown}
 p - a potion of haste {unknown}
 r - 8 potions of heal wounds {unknown}
 s - a potion of attraction {unknown}
 u - a potion of cancellation {unknown}
 v - a potion of berserk rage {unknown}
 w - a potion of ambrosia {unknown}


   Skills:
 + Level 4.3 Fighting
 + Level 3.5 Armour
 + Level 4.4 Dodging
 + Level 4.3 Shields
 + Level 4.8 Unarmed Combat


You had 7 spell levels left.
You didn't know any spells.
Your spell library contained the following spells:

 Spells                   Type           Power      Damage    Failure   Level
 Summon Guardian Golem    Hex/Summ       0%         N/A       86%         3
 Orb of Destruction       Conj           0%         N/A       100%        7
 Spellforged Servitor     Conj/Summ      0%         N/A       100%        7


Dungeon Overview and Level Annotations

Branches:
Dungeon (5/15)            Ossuary (visited)
 Temple: D:4-7

Altars:
Ashenzari
Trog
Wu Jian


Innate Abilities, Weirdness & Mutations

You are too large for most types of armour.
You have claws for hands.
Your natural rate of healing is unusually fast.
You are covered in fur. (AC +1)
You have tough skin. (AC +1)


Message History

The Council accepts your kill.
No target in view!
No target in view!
A centaur comes into view.
The centaur shouts!
The centaur wields a +0 shortbow.
The centaur shoots an arrow.
The arrow hits you.
A centaur is nearby!
The centaur shoots an arrow.
The arrow hits you!
A jelly comes into view.
There are monsters nearby!
The centaur shoots an arrow.
The arrow hits you.
There are monsters nearby!
You claw the jelly! The acid corrodes you!
Your claws burn!
The jelly is severely wounded.
The jelly hits you. The acid corrodes you!
You are splashed with acid!
There are monsters nearby!
You scratch the jelly. The acid corrodes you!
Your claws burn!
The jelly is almost dead.
The centaur unwields a +0 shortbow.
The centaur hits you! The centaur closely misses you. The jelly hits you.
The acid corrodes you!
You are splashed with acid!
* * * LOW HITPOINT WARNING * * *
There are monsters nearby!
You are too injured to fight recklessly!
There are monsters nearby!
You are too injured to fight recklessly!
There are monsters nearby!
You are too injured to fight recklessly!
There are monsters nearby!
You are too injured to fight recklessly!
You are too injured to fight recklessly!
The centaur wields a +0 shortbow.
The centaur shoots an arrow.
The arrow hits you!
* * * LOW HITPOINT WARNING * * *
Things that are here:
a +0 hand axe; a +0 chain mail The jelly jiggles.
The centaur shoots an arrow.
The arrow hits you!
You die...

..#.....# #. ...+ #.......#
+.. ...# #.#.....+ #.. ...#
.#.#.......##+### #.# ...#
.......#$.......###.##...##
#.c..c......#...#.....#
#.###)).....#...#.....+ ..
#J#.....#.........# ...
#..@....###.....### ##.
#.....###.......##### ..
....#... #<......# .
#....... #.......# #
#.+....#.......#
...######.......# .^#
..######## .# ... ...


You could see a centaur and a jelly.

Vanquished Creatures
  An acid dragon (D:4)
  A sky beast (D:5)
  3 ogres (D:4)
  A scorpion (D:5)
  4 water moccasin zombies (Ossuary)
  A jelly (D:5)
  A hound (D:3)
  Crazy Yiuf (D:2)
  An iguana (D:4)
  Natasha (thrice) (D:2)
  2 orc wizards (D:4)
  A hound skeleton (D:4)
  2 mummies (Ossuary)
  10 adders
  A howler monkey skeleton (D:4)
  3 adder zombies (Ossuary)
  2 worms
  10 orcs
  8 endoplasms
  3 giant cockroaches
  A gnoll zombie (Ossuary)
  12 goblins
  8 hobgoblins
  7 jackals
  7 kobolds
  5 ball pythons
  10 bats
  4 frilled lizards
  7 hobgoblin zombies (Ossuary)
  5 kobold zombies (Ossuary)
  7 orc zombies (Ossuary)
  6 rats
138 creatures vanquished.

Notes
Turn   | Place    | Note
-------+----------+-------------------------------------------
     0 | D:1      | HallandMoats the Troll Fighter began the quest for the Orb.
     0 | D:1      | Reached XP level 1. HP: 22/22 MP: 0/0
    79 | D:1      | Reached XP level 2. HP: 23/29 MP: 1/1
   145 | D:1      | Found a faded altar of an unknown god.
   145 | D:1      | Found a faded altar of an unknown god.
   347 | D:1      | Prayed at the altar of an unknown god.
   347 | D:1      | Became a worshipper of the Wu Jian Council
   347 | D:1      | Reached * piety under Wu Jian
   439 | D:1      | Reached XP level 3. HP: 36/36 MP: 2/2
   689 | D:2      | Noticed Natasha
   693 | D:2      | Killed Natasha
   694 | D:2      | Reached skill level 1 in Armour
   753 | D:2      | Reached XP level 4. HP: 44/44 MP: 3/3
   773 | D:2      | Found a broken altar of Ashenzari.
   958 | D:2      | Noticed Natasha
   966 | D:2      | Killed Natasha
  1250 | D:2      | Found a runed translucent door.
  1251 | D:2      | Noticed Crazy Yiuf
  1259 | D:2      | Noticed Natasha
  1266 | D:2      | Killed Natasha
  1267 | D:2      | Reached XP level 5. HP: 46/53 MP: 4/4
  1378 | D:2      | Killed Crazy Yiuf
  1378 | D:2      | Reached ** piety under Wu Jian
  1588 | D:3      | Found a bloodstained altar of Trog.
  2143 | D:3      | Reached XP level 6. HP: 61/61 MP: 5/5
  2522 | D:4      | Reached XP level 7. HP: 57/67 MP: 6/6
  2825 | D:4      | Found a sand-covered staircase.
  2882 | Ossuary  | Entered an ossuary
  2909 | Ossuary  | Reached *** piety under Wu Jian
  3239 | D:4      | Reached XP level 8. HP: 64/78 MP: 7/7
  3378 | D:5      | Entered Level 5 of the Dungeon
  3431 | D:5      | Shot with an arrow by a centaur

Illustrated notes

Levels and vault maps discovered:
D:1:      co_arrival_square_in_a_square_in_a_square, layout_rooms,
          hellmonk_ecumenical_altar_the_god_not_taken
D:2:      layout_basic, basic_altar, uniq_natasha, uniq_crazy_yiuf_cottage
D:3:      wad_crossroads, layout_basic, mainiacjoe_overflow_paths,
          chequers_arboretum, chequers_serial_rivers_small_3
D:4:      layout_loops_cross, nicolae_ossuary_entry_plus
D:5:      layout_gridville, minmay_misc_feat_rows, minmay_fractal_squares_5,
          uniq_blork_the_orc

Skill      XL: |  1  2  3  4  5  6  7 |
---------------+----------------------+-----
Armour         | 1 2 3 |  3.5
Dodging        | 3 4 |  4.4
Fighting       | 3 4 |  4.3
Shields        | 3 4 |  4.3
Unarmed Combat | 3 4 |  4.8

Action                   |  1- 3 |  4- 6 |  7- 9 || total
-------------------------+-------+-------+-------++-------
Melee: Unarmed           |    92 |   128 |   140 ||   360
Invok: Lunge             |     2 |    13 |     7 ||    22
 Stab: Sleeping          |       |     1 |       ||     1
Armor: Robe              |    34 |    32 |    35 ||   101
Dodge: Dodged            |    33 |    31 |    46 ||   110
Block: Kite shield       |    22 |    17 |       ||    39

Table legend: (Time is in decaauts)
 A = Elapsed time spent in this place.
 B = Non-inter-level travel time spent in this place.
 C = Inter-level travel time spent in this place.
 D = Time resting spent in this place.
 E = Time spent auto-exploring this place.
 F = Levels seen in this place.
 G = Mean time per level.
                   A        B        C        D        E       F      G
               +--------+--------+--------+--------+--------+-----+--------+
         Total |   3449 |   3289 |    160 |      0 |   2533 |   6 |  574.8 |
       Dungeon |   3246 |   3086 |    160 |      0 |   2417 |   5 |  649.2 |
       Ossuary |    203 |    203 |      0 |      0 |    116 |   1 |  203.0 |
               +--------+--------+--------+--------+--------+-----+--------+

Top non-repeatable levels by time:
     D:3: 1028 daAuts
     D:2: 787 daAuts
     D:4: 701 daAuts
     D:1: 677 daAuts
 Ossuary: 203 daAuts
     D:5: 51 daAuts
